 Dungeon Crawl Stone Soup version 0.32-a0-42-ga30500b (webtiles) character file.

Game seed: 6342519764324127545

612 Dorkslayer the Ruffian (level 7, -2/45 HPs)
             Began as an Octopode Shapeshifter on Jan 27, 2024.
             Was a Follower of Dithmenos.
             Slain by a black bear (4 damage)
             ... on level 5 of the Dungeon.
             The game lasted 00:08:42 (3781 turns).

Dorkslayer the Ruffian (Octopode Shapeshifter)      Turns: 3781, Time: 00:08:43

Health: -2/45      AC:  1    Str: 16    XL:     7   Next: 44%
Magic:  7/7        EV: 13    Int: 12    God:    Dithmenos [*.....]
Gold:   249        SH:  5    Dex: 11    Spells: 6/6 levels left

rFire   . .          .
                       - Unarmed
rCold   . . .        r - +1 buckler
rNeg    . . .        (helmet currently unavailable)
rPois   .            (no amulet)
rElec   .            u - ring of resist corrosion
rCorr   +            (no ring)
SInv    .            (no ring)
Will    .....        (no ring)
Stlth   ++++         (no ring)
HPRegen 0.27/turn    (no ring)
MPRegen 0.10/turn    (no ring)
                     (no ring)

%: no passive effects
@: beast-form, wreathed by umbra
A: beast (slay +2), almost no armour, amphibious, 8 rings, camouflage 1,
gelatinous body 1, (nimble swimmer 1), tentacles
a: Begin Untransformation, Renounce Religion


You were on level 5 of the Dungeon.
You worshipped Dithmenos.
Dithmenos was aware of your devotion.
You were a hulking beast.
You visited 1 branch of the dungeon, and saw 5 of its levels.
You also visited: Sewer.

You collected 249 gold pieces.

Inventory:

Hand Weapons
 j - a +0 mace
Armour
 p - a +0 hat
 r - a +1 buckler (worn)
Jewellery
 u - a ring of resist corrosion (left tentacle)
Talismans
 b - a beast talisman
 c - a flux talisman
Scrolls
 d - a scroll of poison
 g - a scroll of teleportation
 i - a scroll of fear
 k - 2 scrolls of blinking
 q - a scroll of revelation {unknown}
Potions
 h - 2 potions of enlightenment
 n - a potion of curing {unknown}
 o - a potion of mutation
 s - a potion of haste {unknown}
 t - a potion of attraction {unknown}


   Skills:
 * Level 2.0 Fighting
 * Level 2.9 Dodging
 + Level 5.0 Stealth
 * Level 1.1 Shields
 * Level 6.1 Unarmed Combat
 * Level 3.8 Shapeshifting


You had 6 spell levels left.
You didn't know any spells.
Your spell library contained the following spells:

 Spells                   Type           Power      Damage    Failure   Level
 Dazzling Flash           Conj/Hex       0%         N/A       78%         3
 Volatile Blastmotes      Fire/Tloc      0%         2d10      78%         3
 Starburst                Conj/Fire      0%         6d3       100%        6
 Maxwell's Capacitive Co  Air            0%         ∞         100%        8


Dungeon Overview and Level Annotations

Branches:
Dungeon (5/15)              Sewer (visited)
 Temple: D:4-7

Altars:
Dithmenos
Kikubaaqudgha
Yredelemnul
Zin

Shops:
D:2 (


Innate Abilities, Weirdness & Mutations

You are a hulking beast.
Your limbs bulge with bestial killing power. (Slay +2)
You cannot wear most types of armour.
You are amphibious.
You can wear up to eight rings at the same time.
Your skin changes colour to match your surroundings (Stealth+).
Your rubbery body absorbs attacks. (AC +1, EV +1)
((You are camouflaged when in or above water. (Stealth+)))
You have tentacles for arms and can constrict up to eight enemies at once.


Message History

Dithmenos accepts your kill.
Your Fighting skill increases to level 2!
You tentacle-slap the orc but do no damage.
You grab the orc.
The orc is lightly wounded.
You constrict the orc. The orc hits you with a +0 club.
* * * LOW HITPOINT WARNING * * *
You tentacle-slap the orc.
The orc is almost dead.
You constrict the orc.
You kill the orc!
Dithmenos accepts your kill.
You tentacle-slap the orc. You grab the orc.
The orc is lightly wounded.
You constrict the orc, but do no damage.
The orc misses you.
You tentacle-slap the orc. You squeeze the orc.
You kill the orc!
Dithmenos accepts your kill.
Your Stealth skill increases to level 5!
You tentacle-slap the orc. You grab the orc.
The orc is heavily wounded.
You constrict the orc.
You kill the orc!
Dithmenos accepts your kill.
You closely miss the orc. Your grab misses the orc. You bludgeon the orc!
You kill the orc!
Dithmenos accepts your kill.
You tentacle-slap the black bear. Your grab misses the black bear.
The black bear is lightly wounded.
The black bear bites you.
* * * LOW HITPOINT WARNING * * *
The black bear completely misses you. The black bear closely misses you.
You tentacle-slap the black bear. You grab the black bear.
The black bear is moderately wounded.
You constrict the black bear. The black bear bites you.
* * * LOW HITPOINT WARNING * * *
The black bear claws you.
You die...

#... #(..
+#...#+
###(....#####
............##B
..[..⌠.........
.......†.......
#....h###
#..#...#h.##
#...#...#
#...##!<# #...
#### ##.. #..
...


You could see a black bear.

Vanquished Creatures
  A phantom (D:4)
  A brain worm (Sewer)
  A howler monkey (D:4)
  A bombardier beetle (D:5)
  A hound (D:4)
  2 iguanas
  Natasha (thrice) (D:3)
  9 adders
  A river rat (Sewer)
  4 dart slugs
  5 ribbon worms
  7 orcs
  10 bats
  6 endoplasms
  9 giant cockroaches
  11 goblins
  11 hobgoblins
  12 jackals
  8 quokkas
  9 ball pythons
  5 frilled lizards
  8 kobolds
  8 rats
133 creatures vanquished.

Notes
Turn   | Place    | Note
-------+----------+-------------------------------------------
     0 | D:1      | Dorkslayer the Octopode Shapeshifter began the quest for
                  | the Orb.
     0 | D:1      | Reached XP level 1. HP: 13/13 MP: 1/1
   128 | D:1      | Reached XP level 2. HP: 16/18 MP: 2/2
   391 | D:1      | Reached skill level 1 in Stealth
   391 | D:1      | Reached XP level 3. HP: 20/23 MP: 3/3
  1002 | D:2      | Found Ehab's Weapon Boutique.
  1095 | D:2      | Found a basalt altar of Yredelemnul.
  1130 | D:2      | Reached skill level 4 in Unarmed Combat
  1244 | D:2      | Found a faded altar of an unknown god.
  1270 | D:2      | Reached XP level 4. HP: 28/28 MP: 4/4
  1728 | D:3      | Found a glowing drain.
  1732 | Sewer    | Entered a sewer
  1778 | Sewer    | Reached XP level 5. HP: 13/33 MP: 5/5
  1926 | Sewer    | Reached skill level 5 in Unarmed Combat
  2144 | Sewer    | Reached XP level 6. HP: 38/38 MP: 6/6
  2375 | D:3      | Found a glowing silver altar of Zin.
  2377 | D:3      | Found a shadowy altar of Dithmenos.
  2380 | D:3      | Found an ancient bone altar of Kikubaaqudgha.
  2386 | D:3      | Became a worshipper of Dithmenos the Shadowed
  2446 | D:3      | Noticed Natasha
  2459 | D:3      | Killed Natasha
  2508 | D:3      | Noticed Natasha
  2515 | D:3      | Killed Natasha
  2590 | D:3      | Noticed Natasha
  2614 | D:3      | Killed Natasha
  2915 | D:4      | Reached XP level 7. HP: 22/44 MP: 7/7
  3175 | D:4      | Reached skill level 6 in Unarmed Combat
  3273 | D:4      | Reached * piety under Dithmenos
  3701 | D:5      | Entered Level 5 of the Dungeon
  3771 | D:5      | Reached skill level 1 in Shields
  3777 | D:5      | Reached skill level 5 in Stealth
  3781 | D:5      | HP: 2/45 [black bear (4)]
  3781 | D:5      | Slain by a black bear

Illustrated notes

Levels and vault maps discovered:
D:1:      dpeg_arrival_morbid_curiosity, layout_loops_ring
D:2:      layout_loops_cross, basic_altar, serial_shops,
          nicolae_shop_tiny_waterfront, hellmonk_ecumenical_altar_heavens_door,
          nicolae_twisty_statue_hallways
D:3:      layout_rooms, minitemple, gup_sewer_entry_spiral, uniq_natasha
D:4:      layout_loops_corners
D:5:      layout_basic, nicolae_overflow_hidden_temple,
          overflow_temple_1_default, grunt_ministairs_6, serial_park_tiny_1,
          uniq_eustachio, uniq_sigmund

Skill      XL: |  1  2  3  4  5  6  7 |
---------------+----------------------+-----
Stealth        | 1 2 3 4 5 |  5.0
Unarmed Combat | 4 5 6 |  6.1
Shields        | 1 |  1.1
Fighting       | 2 |  2.0
Dodging        | |  2.9
Shapeshifting  | |  3.8

Action                     |  1- 3 |  4- 6 |  7- 9 || total
---------------------------+-------+-------+-------++-------
  Melee: Unarmed           |    65 |   155 |    29 ||   249
         Constrict         |    17 |    45 |     9 ||    71
         Tentacles         |    10 |    38 |     8 ||    56
         Punch             |     2 |     9 |     1 ||    12
  Throw: Javelin           |       |       |     6 ||     6
    Use: Scroll            |       |     7 |     3 ||    10
         Potion            |       |     2 |       ||     2
   Stab: Sleeping          |     9 |    21 |     2 ||    32
         Invisible         |       |     2 |       ||     2
 Armour: Skin              |    26 |    84 |    12 ||   122
  Dodge: Dodged            |    44 |    87 |    11 ||   142
  Block: Buckler           |       |     2 |     8 ||    10

Table legend: (Time is in decaauts)
 A = Elapsed time spent in this place.
 B = Non-inter-level travel time spent in this place.
 C = Inter-level travel time spent in this place.
 D = Time resting spent in this place.
 E = Time spent auto-exploring this place.
 F = Levels seen in this place.
 G = Mean time per level.
                   A        B        C        D        E       F      G
               +--------+--------+--------+--------+--------+-----+--------+
         Total |   3763 |   3763 |      0 |      0 |   2128 |   6 |  627.2 |
       Dungeon |   3181 |   3181 |      0 |      0 |   1867 |   5 |  636.2 |
         Sewer |    581 |    581 |      0 |      0 |    261 |   1 |  581.0 |
               +--------+--------+--------+--------+--------+-----+--------+

Top non-repeatable levels by time:
     D:1: 924 daAuts
     D:4: 854 daAuts
     D:2: 721 daAuts
     D:3: 598 daAuts
   Sewer: 581 daAuts
     D:5: 82 daAuts
